 Dungeon Crawl Stone Soup version 0.30-a0-723-gc1506a1cf0 (console) character file.

Game seed: 365290162293014616

0 petzl the Sneak (level 1, 0/18 HPs)
             Began as a Formicid Delver on Jan 28, 2023.
             Killed from afar by a manticore (18 damage)
             ... with a volley of spikes
             ... on level 7 of the Dungeon.
             The game lasted 00:02:30 (295 turns).

petzl the Sneak (Formicid Delver)                    Turns: 295, Time: 00:02:31

Health: 0/18       AC:  3    Str: 16    XL:     1   Next: 11%
Magic:  1/1        EV: 12    Int:  9    God:
Gold:   25         SH:  0    Dex: 15    Spells: 0/0 levels left

rFire   . . .      SeeInvis +    a - +0 mace
rCold   . . .      Faith    .    (no shield)
rNeg    . . .      Spirit   .    b - +0 leather armour
rPois   .          Reflect  .    (helmet unavailable)
rElec   .          Harm     .    (no cloak)
rCorr   .          Rampage  .    (no gloves)
Will    .....                    (no boots)
Stlth   +++                      (no amulet)
HPRegen 0.23/turn                (no ring)
MPRegen 0.07/turn                (no ring)

@: spiked
A: permanent stasis, dig shafts and tunnels, antennae 3, four strong arms
a: Dig, Shaft Self


You were on level 7 of the Dungeon.
You visited 1 branch of the dungeon, and saw 4 of its levels.

You collected 25 gold pieces.

Inventory:

Hand Weapons
 a - a +0 mace (weapon)
Armour
 b - a +0 leather armour (worn)
Wands
 g - a wand of digging (3)
Scrolls
 d - a scroll of magic mapping
 h - a scroll of identify {unknown}
Potions
 f - 2 potions of haste


   Skills:
 + Level 3.3 Fighting
 + Level 2.0 Maces & Flails
 + Level 1.7 Dodging
 + Level 6.0 Stealth


You couldn't memorise any spells.
You didn't know any spells.
Your spell library was empty.

Dungeon Overview and Level Annotations

Branches:
Dungeon (6/15)
 Temple: D:4-7

Altars:


Innate Abilities, Weirdness & Mutations

You cannot be hasted, slowed, berserked, paralysed or teleported.
You can dig through walls and to a lower floor.
You have a pair of large antennae on your head. (SInv)
Your four strong arms can wield two-handed weapons with a shield.


Message History

As you read the scroll of fear, it crumbles to dust.
You assume a fearsome visage.
The kobold brigand looks frightened!
The kobold looks frightened! x5
* * * LOW HITPOINT WARNING * * *
You feel sick.
* * * LOW HITPOINT WARNING * * *
You feel sick.
The kobold shouts!
You sock the kobold!
You kill the kobold!
* * * LOW HITPOINT WARNING * * *
You feel sick.
You are no longer poisoned.
Things that are here:
a +0 club; a kobold corpse
Okay, then.
As you read the scroll of fog, it crumbles to dust.
The scroll dissolves into smoke.
Are you sure you want to shaft yourself?
You begin to dig a shaft.
You continue digging a shaft.
A shaft appears beneath you!
You fall into a shaft and drop 1 floor!
The shaft crumbles and collapses.
You hear the roar of battle.
There is an entrance to a bailey on this level.
Hurry and find it before the portal closes forever!
You start resting.
You hear the faint creaking of a very distant portcullis.
You start resting.
HP restored.
A white imp comes into view.
A manticore comes into view.
The manticore flicks its tail.
The volley of spikes misses you.
Are you sure you want to shaft yourself?
The white imp spits at you.
The manticore flicks its tail.
The volley of spikes hits you!!
The barbed spikes become lodged in your body.
Ouch! That really hurt!
You die...

...#.#############
#.....H....@.....#
#....#########...5.
... ... # {.


You could see a manticore and a white imp.

Vanquished Creatures
  A kobold (D:6)
1 creature vanquished.

Notes
Turn   | Place    | Note
-------+----------+-------------------------------------------
     0 | D:5      | petzl the Formicid Delver began the quest for the Orb.
     0 | D:5      | Reached XP level 1. HP: 18/18 MP: 1/1
   198 | D:6      | Noticed a kobold brigand
   221 | D:6      | You fall into a shaft and drop 1 floor!
   289 | D:7      | Noticed a manticore
   295 | D:7      | Killed from afar by a manticore

Illustrated notes

Levels and vault maps discovered:
D:4:      layout_loops_ring, kennysheep_slug_shrine, nicolae_elemental_shop
D:5:      layout_loops_corners, saegor_snake_ambush, uniq_duvessa
D:6:      layout_loops_corners, marbit_many_paths,
          mainiacjoe_overflow_boulevard, kiku_gazebo_garden_becter,
          fedhas_altar_decomposition, minmay_temple_entry_junction,
          serial_rivers, chequers_serial_rivers_micro_d,
          chequers_serial_rivers_marsh, chequers_serial_rivers_micro_d,
          chequers_serial_rivers_marsh, kennysheep_generic_room_14
D:7:      layout_loops_ring, old_standard_altar, serial_shops,
          nicolae_square_shop, lightli_bailey_entry_fortress, serial_demonic,
          serial_demonic_a, serial_demonic_f, serial_demonic_g,
          serial_demonic_b, serial_demonic_d, serial_demonic_b,
          serial_demonic_a, uniq_pikel, uniq_maggie, uniq_crazy_yiuf_cottage

Action                     || total
---------------------------++-------
  Melee: Mace              ||     2
Ability: Shaft Self        ||     2
    Use: Scroll            ||     2
 Armour: Leather armour    ||     1
  Dodge: Dodged            ||     6

Table legend: (Time is in decaauts)
 A = Elapsed time spent in this place.
 B = Non-inter-level travel time spent in this place.
 C = Inter-level travel time spent in this place.
 D = Time resting spent in this place.
 E = Time spent auto-exploring this place.
 F = Levels seen in this place.
 G = Mean time per level.
                   A        B        C        D        E       F      G
               +--------+--------+--------+--------+--------+-----+--------+
         Total |    296 |    280 |     16 |     60 |     99 |   4 |   74.0 |
       Dungeon |    296 |    280 |     16 |     60 |     99 |   4 |   74.0 |
               +--------+--------+--------+--------+--------+-----+--------+

Top non-repeatable levels by time:
     D:6: 139 daAuts
     D:7: 73 daAuts
     D:5: 44 daAuts
     D:4: 38 daAuts
